 Dungeon Crawl Stone Soup version 0.23-a0-296-ga3b1b28 (webtiles) character file.

69 Amnesiac the Magician (level 4, -2/30 HPs)
             Began as a Mummy Wizard on Oct 5, 2018.
             Slain by an adder (3 damage)
             ... on level 2 of the Dungeon.
             The game lasted 00:01:49 (1341 turns).

Amnesiac the Magician (Mummy Wizard)                Turns: 1341, Time: 00:01:50

Health: -2/30      AC:  2    Str: 10    XL:     4   Next: 2%
Magic:  1/12       EV: 12    Int: 18    God:
Gold:   42         SH:  0    Dex: 10    Spells: 4/15 levels left

rFire    x . .     SeeInvis .   a - +0 dagger (venom)
rCold    + . .     Gourm    .   (no shield)
rNeg     + + +     Faith    .   e - +0 robe
rPois    ∞         Spirit   .   (no helmet)
rElec    .         Reflect  .   (no cloak)
rCorr    .         Harm     .   (no gloves)
MR       .....                  (no boots)
Stlth    ++........             (no amulet)
HPRegen  0.10/turn              (no ring)
MPRegen  0.13/turn              (no ring)

@: very slightly contaminated
A: no food or potions, fire vulnerability, cold resistance 1, negative energy
resistance 3, torment resistance, unbreathing
a: no special abilities


You were on level 2 of the Dungeon.
You were not hungry.

You visited 1 branch of the dungeon, and saw 2 of its levels.

You collected 42 gold pieces.

Inventory:

Hand Weapons
 a - a +0 dagger of venom (weapon)
 b - a +0 quarterstaff
Armour
 e - a +0 robe (worn)
Magical Staves
 f - an uncursed staff of air
Scrolls
 c - a scroll of immolation {!r, unknown}
 d - 2 scrolls of identify {!r, unknown}
 g - a scroll of fear {!r, unknown}
 h - a scroll of teleportation {!r, unknown}
 i - a scroll of remove curse {!r, unknown}


   Skills:
 - Level 1.5 Dodging
 - Level 1.5 Stealth
 + Level 6.2 Spellcasting
 - Level 0.7 Conjurations
 - Level 0.7 Summonings
 - Level 0.7 Translocations


You had 4 spell levels left.
You knew the following spells:

 Your Spells              Type           Power        Failure   Level  Hunger
a - Magic Dart            Conj           #...         9%          1    N/A
b - Call Imp              Summ           #.......     13%         2    N/A
e - Mephitic Cloud        Conj/Pois/Air  #.......     32%         3    N/A
s - Conjure Flame         Conj/Fire      #.......     30%         3    N/A
v - Blink                 Tloc           N/A          13%         2    N/A

Your spell library contained the following spells:

 Spells                   Type           Power        Failure   Level  Hunger
 Slow                     Hex            #.......     19%         2    N/A

Dungeon Overview and Level Annotations

Branches:
Dungeon (2/15)

Altars:


Innate Abilities, Weirdness & Mutations

You do not eat or drink.
Your flesh is vulnerable to fire.
You are immune to poison.
Your flesh is cold resistant. (rC+)
You are immune to negative energy. (rN+++)
You are immune to unholy pain and torment.
You can survive without breathing.


Message History

Found 17 bolts.
A worm comes into view.
You see here a thin glowing staff.
f - a thin glowing staff Wield which item (- for none, * to show all)? (? for menu, Esc to quit)
Your +0 dagger of venom stops dripping with poison.
f - an uncursed staff of air (weapon)
Wield which item (- for none, * to show all)? (? for menu, Esc to quit)
Your +0 dagger of venom begins to drip with poison!
a - a +0 dagger of venom (weapon)
You barely miss the worm. You barely miss the worm.
The worm closely misses you.
You hit the worm but do no damage.
The worm is poisoned.
You hit the worm but do no damage.
The worm looks as sick as possible!
The worm bites you!
Ouch! That really hurt!
* * * LOW HITPOINT WARNING * * *
You are too injured to fight recklessly!
You are too injured to fight recklessly!
You are too injured to fight recklessly!
Casting: Magic Dart (safe; 9% risk of failure)
Confirm with . or Enter, or press ? or * to list all spells.
Aiming: Mephitic Cloud (safe; 32% risk of failure)
Press: ? - help, Shift-Dir - straight line, f - worm
Aim: a worm (heavily wounded, poisoned)
The ball explodes into a vile cloud!
The stinking cloud engulfs the worm.
The worm is heavily wounded.
You hear an angry hiss.
The worm is engulfed in noxious fumes.
The worm appears confused.
Unknown command.
Casting: Mephitic Cloud (safe; 32% risk of failure)
Confirm with . or Enter, or press ? or * to list all spells.
Aiming: Magic Dart (safe; 9% risk of failure)
Press: ? - help, Shift-Dir - straight line, f/p - worm
Aim: a worm (noxious fumes, severely wounded, poisoned, confused)
The magic dart hits the worm.
The worm is almost dead.
Unknown command.
Casting: Magic Dart (safe; 9% risk of failure)
Confirm with . or Enter, or press ? or * to list all spells.
Aiming: Magic Dart (safe; 9% risk of failure)
Press: ? - help, Shift-Dir - straight line, f/p - worm
Aim: a worm (noxious fumes, almost dead, poisoned, confused)
The magic dart hits the worm.
You kill the worm!
You have reached level 4!
You start resting.
An adder comes into view.
An adder is nearby!
Casting: Magic Dart (safe; 9% risk of failure)
Confirm with . or Enter, or press ? or * to list all spells.
A shadowy apparition takes form in the air.
Casting: Call Imp (safe; 13% risk of failure)
Confirm with . or Enter, or press ? or * to list all spells.
You miscast Call Imp.
You are very lightly contaminated with residual magic.
Your brain hurts!
Casting: Call Imp (safe; 13% risk of failure)
Confirm with . or Enter, or press ? or * to list all spells.
A beastly little devil appears in a puff of frigid air.
You swap places.
The adder bites you.
* * * LOW HITPOINT WARNING * * *
The adder bites you.
You die...

..... ##(.# ......##...#
.####.# .........#.#####
....... ..>...##S......##
#........ .....
##.##.....#######........
......#..####.#......##...<....
.........####.######..........
..............S5.....†..)...#
......#....##5@###....).....###
.#.###.##..†.........†........
?.>...........[.............#)
..............................
#.........................###
#.................[.......#
..........................#
.........####.....÷).....#
.........# ####..#÷######


You could see an adder, a friendly white imp and a friendly shadow imp.

Vanquished Creatures
  3 adders (D:2)
  2 oozes (D:2)
  A worm (D:2)
  A dart slug (D:2)
  A leopard gecko (D:2)
  A ball python (D:2)
  A bat (D:2)
  3 giant cockroaches (D:2)
  4 goblins
  A hobgoblin (D:2)
  2 jackals (D:1)
  3 kobolds
  2 frilled lizards
  4 rats
29 creatures vanquished.

Notes
Turn   | Place    | Note
-------+----------+-------------------------------------------
     0 | D:1      | Amnesiac the Mummy Wizard began the quest for the Orb.
     0 | D:1      | Reached XP level 1. HP: 13/13 MP: 5/5
   354 | D:1      | Reached XP level 2. HP: 19/19 MP: 7/7
   359 | D:1      | Learned a level 2 spell: Blink
   362 | D:1      | Learned a level 2 spell: Call Imp
   607 | D:2      | Reached skill level 5 in Spellcasting
   675 | D:2      | Reached XP level 3. HP: 6/24 MP: 9/9
   680 | D:2      | Learned a level 3 spell: Conjure Flame
   684 | D:2      | Learned a level 3 spell: Mephitic Cloud
  1211 | D:2      | Reached skill level 6 in Spellcasting
  1330 | D:2      | Reached XP level 4. HP: 5/30 MP: 6/12
  1341 | D:2      | HP: 1/30 [adder (5)]
  1341 | D:2      | Slain by an adder

Vault maps used:
D:1:      wheals_arrival_linesprint, roderic_roman_lattice

Skill      XL: |  1  2  3 |
---------------+----------+-----
Spellcasting   | 5 6 |  6.2
Dodging        | |  1.5
Stealth        | |  1.5
Conjurations   | |  0.7
Summonings     | |  0.7
Translocations | |  0.7

Action                   |  1- 3 |  4- 6 || total
-------------------------+-------+-------++-------
Melee: Dagger            |    95 |       ||    95
 Cast: Magic Dart        |    11 |     1 ||    12
       Mephitic Cloud    |     1 |       ||     1
       Call Imp          |       |     2 ||     2
Armor: Robe              |    12 |       ||    12
Dodge: Dodged            |    58 |       ||    58

Table legend:
 A = Non-vault XP
 B = Vault XP
 C = Vault XP percentage of total XP
 D = Non-vault monster count
 E = Vault monster count
 F = Vault count percentage of total count
                 A         B        C        D         E       F
            +---------+---------+-------+---------+---------+-------
      Total |      99 |       0 |   0.0 |      29 |       0 |   0.0
            +---------+---------+-------+---------+---------+-------
        D:1 |      14 |       0 |   0.0 |       9 |       0 |   0.0
        D:2 |      85 |       0 |   0.0 |      20 |       0 |   0.0
            +---------+---------+-------+---------+---------+-------
